 Dungeon Crawl Stone Soup version 0.31-a0-931-g7b59d4eb97 (webtiles) character file.

Game seed: 8886294444433557094

912 Dirtsage the Cleaver (level 7, -3/52 HPs)
             Began as a Demonspawn Fighter on Oct 20, 2023.
             Killed by divine providence
             ... invoked by Jeremiah
              (12 damage)
             ... on level 6 of the Dungeon.
             The game lasted 00:06:34 (4293 turns).

Dirtsage the Cleaver (Demonspawn Fighter)           Turns: 4293, Time: 00:06:34

Health: -3/52      AC: 15    Str: 18    XL:     7   Next: 82%
Magic:  7/7        EV:  9    Int: 10    God:
Gold:   169        SH:  8    Dex: 12    Spells: 6/6 levels left

rFire   . . .        a - +0 war axe
rCold   + . .        c - +0 buckler
rNeg    . . .        b - +0 scale mail
rPois   .            (no helmet)
rElec   .            (no cloak)
rCorr   +            (no gloves)
SInv    .            (no boots)
Will    .....        (no amulet) Stlth
                     C - ring of resist corrosion
HPRegen 0.28/turn    I - ring of protection from cold
MPRegen 0.10/turn

%: no passive effects
@: sanguine armoured, attractive
A: sanguine armour 2, condensation shield
a: no special abilities


You were on level 6 of the Dungeon.
You visited 2 branches of the dungeon, and saw 7 of its levels.

You collected 229 gold pieces.
You spent 60 gold pieces at shops.

Inventory:

Hand Weapons
 a - a +0 war axe (weapon)
Missiles
 m - 8 javelins
Armour
 b - a +0 scale mail (worn)
 c - a +0 buckler (worn)
 n - a +1 helmet
Jewellery
 C - a ring of resist corrosion (left hand)
 I - a ring of protection from cold (right hand)
Wands
 w - a wand of quicksilver (14)
 x - a wand of polymorph (12)
Scrolls
 d - 5 scrolls of identify {unknown}
 f - 2 scrolls of immolation {unknown}
 g - a scroll of fog {unknown}
 i - a scroll of brand weapon {unknown}
 j - 2 scrolls of noise {unknown}
 k - a scroll of blinking {unknown}
 p - a scroll of enchant weapon {unknown}
 r - a scroll of teleportation {unknown}
 s - a scroll of enchant armour {unknown}
 t - a scroll of poison {unknown}
 y - a scroll of fear {unknown}
Potions
 e - 3 potions of ambrosia {unknown}
 h - a potion of degeneration {unknown}
 l - a potion of heal wounds
 o - a potion of attraction
 q - 5 potions of curing
 u - a potion of magic {unknown}
 v - a potion of brilliance {unknown}
 z - a potion of cancellation {unknown}


   Skills:
 - Level 3.0 Fighting
 + Level 8.4 Axes
 - Level 2.6 Armour
 - Level 2.6 Shields


You had 6 spell levels left.
You didn't know any spells.
Your spell library contained the following spells:

 Spells                   Type           Power      Damage    Failure   Level
 Freeze                   Ice            0%         1d3       83%         1
 Necrotise                Necr           0%         1d4       83%         1
 Lesser Beckoning         Tloc           0%         N/A       93%         2
 Frozen Ramparts          Ice            0%         1d1       99%         3
 Gell's Gravitas          Tloc           0%         N/A       99%         3
 Hailstorm                Conj/Ice       0%         3d3       99%         3
 Teleport Other           Tloc           0%         N/A       99%         3
 Vampiric Draining        Necr           0%         2d6       99%         3
 Summon Ice Beast         Ice/Summ       0%         N/A       100%        4
 Agony                    Necr           0%         N/A       100%        5
 Simulacrum               Ice/Necr       0%         N/A       100%        6


Dungeon Overview and Level Annotations

Branches:
Dungeon (6/15)             Temple (1/1) D:4

Altars:
Ashenzari
Dithmenos
Fedhas
Gozag
Kikubaaqudgha
Makhleb
Qazlal
Sif Muna
Trog
Uskayaw
Vehumet
Wu Jian
Xom
Yredelemnul

Shops:
D:4 !

Annotations:
D:6 Jeremiah


Innate Abilities, Weirdness & Mutations

When seriously injured, your blood forms thick armour. (AC +9)
A meltable shield of frost defends you. (SH +4)


Message History

You closely miss the steam dragon.
The steam dragon is severely wounded.
You slash the butterfly!
You kill the butterfly!
The butterfly disappears in a burst of colours!
You hit the butterfly.
You kill the butterfly!
The butterfly disappears in a burst of colours!
You barely miss Jeremiah. You barely miss the butterfly.
The steam dragon bites you.
* * * LOW HITPOINT WARNING * * *
The steam dragon claws you but does no damage.
Jeremiah hits you but does no damage.
The butterfly is attracted toward you. x4
You take 5 damage, and have 12/52 hp.
You slash the steam dragon!
You kill the steam dragon!
You barely miss Jeremiah. You barely miss the butterfly. x2
You completely miss the butterfly.
Jeremiah hits you with a +3 vampiric trident.
* * * LOW HITPOINT WARNING * * *
The butterfly is attracted toward you. x5
You take 3 damage, and have 9/52 hp.
You hit Jeremiah.
Jeremiah is lightly wounded.
You hit the butterfly.
You kill the butterfly!
The butterfly disappears in a burst of colours!
You hit the butterfly.
You kill the butterfly!
The butterfly disappears in a burst of colours!
You hit the butterfly.
You kill the butterfly!
The butterfly disappears in a burst of colours!
You slash the butterfly!
You kill the butterfly!
The butterfly disappears in a burst of colours! x2
Jeremiah shouts, "O dreadful one, destroy my foe!"
Something smites you!
You die...
Jeremiah asks, "What happened?
Did... did you die?"

########## #........#
###........##### ##
####..............# ..
...#.#...§....###.# .##
.....(............#...
##.#...##.b§§b#####.####.
...#...##...§b.b@........
##<#...##...b§bFb........
#.#...##......b.~~##....
#.#...##..b...§##≈§# ..
##.#...####....#≈≈#≈≈≈
>..#...####§.b##≈≈≈≈≈≈#
..........'...≈≈#≈≈≈#≈≈#
.......####...#≈≈≈≈ ≈≈≈#
.###.....##...##≈#≈ # ~#


You could see Jeremiah.

Vanquished Creatures
  Sigmund (D:2)
  A steam dragon (D:6)
  A black bear (D:5)
  A scorpion (D:5)
  A jelly (D:6)
  An orc priest (D:3)
  4 hounds
  A sleepcap (D:5)
  An iguana (D:4)
  2 orc wizards
  Robin (D:2)
  5 adders
  A shadow imp (D:6)
  A white imp (D:6)
  A worm (D:5)
  5 dart slugs
  8 orcs
  A bat (D:1)
  10 endoplasms
  3 giant cockroaches
  17 goblins
  7 hobgoblins
  4 jackals (D:1)
  5 kobolds
  4 quokkas
  8 ball pythons
  3 frilled lizards
  6 rats
104 creatures vanquished.

Notes
Turn   | Place    | Note
-------+----------+-------------------------------------------
     0 | D:1      | Dirtsage the Demonspawn Fighter began the quest for the
                  | Orb.
     0 | D:1      | Reached XP level 1. HP: 18/18 MP: 1/1
    29 | D:1      | Reached skill level 2 in Axes
   105 | D:1      | Gained mutation: A meltable shield of frost defends you.
                  | (SH +4) [demonic ancestry]
   105 | D:1      | Reached XP level 2. HP: 16/24 MP: 2/2
   193 | D:1      | Reached skill level 3 in Axes
   325 | D:1      | Gained mutation: When seriously injured, your blood forms
                  | armour. (AC +9) [demonic ancestry]
   325 | D:1      | Reached XP level 3. HP: 29/29 MP: 3/3
   735 | D:2      | Noticed Robin
   753 | D:2      | Killed Robin
   817 | D:2      | Noticed Sigmund
   826 | D:2      | Killed Sigmund
   827 | D:2      | Reached skill level 5 in Axes
   827 | D:2      | Gained mutation: When seriously injured, your blood forms
                  | thick armour. (AC +9) [demonic ancestry]
   827 | D:2      | Reached XP level 4. HP: 11/35 MP: 4/4
   827 | D:2      | Reached XP level 5. HP: 13/41 MP: 5/5
   974 | D:2      | Found a stormy altar of Qazlal.
  1605 | D:3      | Found a shadowy altar of Dithmenos.
  1688 | D:3      | Reached skill level 6 in Axes
  1688 | D:3      | Reached XP level 6. HP: 13/47 MP: 6/6
  2406 | D:4      | Found Cugism's Distillery.
  2443 | D:4      | Bought a potion of curing for 30 gold pieces
  2443 | D:4      | Bought a potion of attraction for 30 gold pieces
  2562 | D:4      | Found a staircase to the Ecumenical Temple.
  2600 | Temple   | Entered the Ecumenical Temple
  2833 | D:4      | Identified the +0 chain mail "Qycueph" {rF- Dex+3}
  2981 | D:5      | Entered Level 5 of the Dungeon
  3037 | D:5      | Found a shimmering altar of Xom.
  3038 | D:5      | Found a bloodstained altar of Trog.
  3040 | D:5      | Found a stormy altar of Qazlal.
  3088 | D:5      | Reached skill level 7 in Axes
  3088 | D:5      | Reached XP level 7. HP: 52/52 MP: 7/7
  4228 | D:6      | Reached skill level 8 in Axes
  4273 | D:6      | Noticed Jeremiah
  4278 | D:6      | Noticed a steam dragon
  4292 | D:6      | Killed a steam dragon
  4293 | D:6      | Killed from afar by Jeremiah

Illustrated notes

Levels and vault maps discovered:
D:1:      roadster_arrival_rocket_small, layout_basic, minmay_pentomino_z2
D:2:      layout_loops_cross, basic_altar, kennysheep_generic_room_8,
          uniq_robin, uniq_sigmund
D:3:      layout_basic, nicolae_dithmenos_through_a_glass_darkly
D:4:      layout_rooms, minmay_temple_entry_grid, serial_shops,
          nicolae_shop_competitors_out_of_business, chequers_arboretum
D:5:      layout_basic, grunt_temple_overflow_open
D:6:      layout_basic, nicolae_water_bricks, minivault_4, uniq_jeremiah
Temple:   grunt_temple_mini_profane

Skill      XL: |  1  2  3  4  5  6  7 |
---------------+----------------------+-----
Axes           | 2 3 5 6 7 8 |  8.4
Fighting       | |  3.0
Armour         | |  2.6
Shields        | |  2.6

Action                     |  1- 3 |  4- 6 |  7- 9 || total
---------------------------+-------+-------+-------++-------
  Melee: War axe           |    94 |   161 |    58 ||   313
    Use: Potion            |     1 |     1 |     1 ||     3
 Armour: Scale mail        |    56 |   107 |    53 ||   216
  Dodge: Dodged            |    41 |    54 |    12 ||   107
  Block: Buckler           |    49 |    64 |    26 ||   139

Table legend: (Time is in decaauts)
 A = Elapsed time spent in this place.
 B = Non-inter-level travel time spent in this place.
 C = Inter-level travel time spent in this place.
 D = Time resting spent in this place.
 E = Time spent auto-exploring this place.
 F = Levels seen in this place.
 G = Mean time per level.
                   A        B        C        D        E       F      G
               +--------+--------+--------+--------+--------+-----+--------+
         Total |   4373 |   4148 |    225 |     58 |   3446 |   7 |  624.7 |
       Dungeon |   4371 |   4146 |    225 |     58 |   3446 |   6 |  728.5 |
        Temple |      1 |      1 |      0 |      0 |      0 |   1 |    1.0 |
               +--------+--------+--------+--------+--------+-----+--------+

Top non-repeatable levels by time:
     D:5: 917 daAuts
     D:3: 850 daAuts
     D:2: 799 daAuts
     D:1: 733 daAuts
     D:4: 667 daAuts
     D:6: 404 daAuts
  Temple: 1 daAuts
